 Dungeon Crawl Stone Soup version 0.27-a0-869-g165b36e3f0 (webtiles) character file.

Game seed: 1444788261550204912

1291 jasper the Sneak (level 8, -7/62 HPs)
             Began as a Demonspawn Delver on Apr 2, 2021.
             Was a Believer of Dithmenos.
             Killed from afar by a steam dragon (19 damage)
             ... with a ball of steam
             ... on level 7 of the Dungeon.
             The game lasted 00:10:59 (5841 turns).

jasper the Sneak (Demonspawn Delver)                Turns: 5841, Time: 00:11:00

Health: -7/62      AC:  8    Str: 13    XL:     8   Next: 30%
Magic:  8/8        EV: 10    Int: 12    God:    Dithmenos [**....]
Gold:   19         SH:  0    Dex: 16    Spells: 7/7 levels left

rFire    . . .     SeeInvis .   n - +0 battleaxe (elec)
rCold    . . .     Faith    .   (shield currently unavailable)
rNeg     + . .     Spirit   .   p - +0 scale mail
rPois    .         Reflect  .   (helmet restricted)
rElec    .         Harm     .   t - scarf {shadows}
rCorr    .         Rampage  .   (no gloves)
Will     +....                  (no boots)
Stlth    ++........             k - amulet of regeneration
HPRegen  1.20/turn              i - ring of positive energy
MPRegen  0.11/turn              B - ring of willpower

@: wreathed by umbra
A: horns 1, slimy green scales 1, spiny 1
a: Renounce Religion, Shadow Step


You were on level 7 of the Dungeon.
You worshipped Dithmenos.
Dithmenos was pleased with you.
You visited 1 branch of the dungeon, and saw 7 of its levels.

You collected 291 gold pieces.
You spent 272 gold pieces at shops.

Inventory:

Hand Weapons
 a - a +0 hand axe
 h - a +0 hunting sling
 n - a +0 battleaxe of electrocution (weapon)
 o - a +0 war axe
 x - a +0 dire flail of protection
 A - a +4 flail
Missiles
 y - 37 stones (quivered)
Armour
 b - a +0 leather armour
 p - a +0 scale mail (worn)
 t - a scarf of shadows (worn)
 v - a +0 cloak
 D - a +3 chain mail of poison resistance
Jewellery
 i - a ring of positive energy (left hand)
 k - an amulet of regeneration (around neck)
 B - a ring of willpower (right hand)
 C - a ring of see invisible
Wands
 g - a wand of digging (3)
 z - a wand of flame (29)
Scrolls
 c - a scroll of fog
 d - a scroll of magic mapping
 e - a scroll of fear
 j - a scroll of vulnerability
 l - 3 scrolls of teleportation
 m - 2 scrolls of identify
 q - a scroll of amnesia
 r - 2 scrolls of enchant weapon {unknown}
 s - a scroll of acquirement {unknown}
 u - a scroll of enchant armour {unknown}
Potions
 f - a potion of curing
 w - 2 potions of mutation


   Skills:
 + Level 5.1 Fighting
 * Level 5.6 Axes
 + Level 3.4 Armour
 + Level 4.2 Dodging
 + Level 5.9 Stealth


You had 7 spell levels left.
You didn't know any spells.
Your spell library contained the following spells:

 Spells                   Type           Power      Damage    Failure   Level
 Animate Skeleton         Necr           0%         N/A       82%         1
 Apportation              Tloc           0%         N/A       82%         1
 Corona                   Hex            0%         N/A       82%         1
 Magic Dart               Conj           0%         1d3       82%         1
 Summon Small Mammal      Summ           0%         N/A       82%         1
 Blink                    Tloc           N/A        N/A       91%         2
 Call Imp                 Summ           0%         N/A       91%         2
 Ensorcelled Hibernation  Hex/Ice        0%         N/A       91%         2
 Slow                     Hex            0%         N/A       91%         2
 Confusing Touch          Hex            0%         N/A       99%         3
 Conjure Flame            Conj/Fire      0%         6-21      99%         3
 Dazzling Flash           Conj/Hex       0%         N/A       99%         3
 Mephitic Cloud           Conj/Pois/Air  0%         N/A       99%         3
 Tukima's Dance           Hex            0%         N/A       99%         3


Dungeon Overview and Level Annotations

Branches:
Dungeon (7/15)             Temple (0/1) D:5

Altars:
Dithmenos
Kikubaaqudgha
Makhleb
Wu Jian

Shops:
D:3 (:!

Annotations:
D:4 Dowan, Duvessa


Innate Abilities, Weirdness & Mutations

You have a pair of small horns on your head.
You are partially covered in slimy green scales. (AC +2)
You are partially covered in sharp spines.


Message History

The orc warrior hits you but does no damage.
You take 20 damage, and have 27/62 hp.
MASSIVE DAMAGE!!
You hit the orc warrior but do no damage.
Lightning courses through the orc warrior!
The orc warrior is almost dead.
You are engulfed in a cloud of scalding steam.
The orc warrior hits you with a +0 trident.
You take 3 damage, and have 24/62 hp.
You hit the orc warrior but do no damage.
You headbutt the orc warrior, but do no damage.
The orc warrior is almost dead.
You barely miss the steam dragon.
You are engulfed in a cloud of scalding steam.
The orc warrior barely misses you.
The steam dragon is struck by your spines.
The steam dragon bites you.
The steam dragon claws you but does no damage.
You take 4 damage, and have 20/62 hp.
You barely miss the steam dragon. Your headbutt misses the steam dragon.
The steam dragon is lightly wounded.
You hit the orc warrior.
Lightning courses through the orc warrior!
You kill the orc warrior!
Dithmenos accepts your kill.
The steam dragon is struck by your spines.
The steam dragon bites you but does no damage.
The steam dragon claws you but does no damage.
The steam dragon breathes steam at you. The ball of steam hits you!!
* * * LOW HITPOINT WARNING * * *
You take 17 damage, and have 3/62 hp.
MASSIVE DAMAGE!!
The steam dragon bites you.
* * * LOW HITPOINT WARNING * * *
The steam dragon claws you but does no damage.
Things that are here:
a +0 trident; a +0 chain mail; an orc corpse You feel better.
The steam dragon breathes steam at you. The ball of steam hits you!!
You die...

...###
.?.....
.......
......
.########§§.#
......D..§§§#
......@)..###
..##.####.# #
#.# #)#
>.####.###
.........#
..####.#.#
#.#.# #.#.#


You could see a steam dragon (catching breath).

Vanquished Creatures
  Menkaure (D:5)
  Edmund (D:5)
  An orc warrior (D:7)
  2 necrophages
  2 scorpions
  A howler monkey (D:5)
  A bullfrog zombie (D:5)
  A centaur zombie (D:6)
  2 orc priests
  A jelly (D:3)
  3 hounds
  A centaur skeleton (D:6)
  2 iguanas
  2 orc wizards (D:5)
  A killer bee zombie (D:5)
  2 hound skeletons (D:5)
  4 gnolls
  10 adders
  A worm (D:2)
  A dart slug (D:2)
  7 orcs
  6 bats
  7 endoplasms
  6 giant cockroaches
  10 goblins
  9 hobgoblins
  6 kobolds
  5 quokkas
  7 ball pythons
  5 frilled lizards
  8 rats
116 creatures vanquished.

Notes
Turn   | Place    | Note
-------+----------+-------------------------------------------
     0 | D:5      | jasper the Demonspawn Delver began the quest for the Orb.
     0 | D:5      | Reached XP level 1. HP: 18/18 MP: 1/1
    41 | D:6      | Noticed an iguana
    90 | D:5      | Gained mutation: You are partially covered in sharp spines.
                  | [demonic ancestry]
    90 | D:5      | Reached XP level 2. HP: 15/24 MP: 2/2
   141 | D:5      | Gained mutation: You have a pair of small horns on your
                  | head. [demonic ancestry]
   141 | D:5      | Reached XP level 3. HP: 6/29 MP: 3/3
   472 | D:4      | Found a shadowy altar of Dithmenos.
   507 | D:4      | Noticed Duvessa
   525 | D:4      | Became a worshipper of Dithmenos the Shadowed
   626 | D:3      | Found Ulicwudgh's Distillery.
   637 | D:3      | Bought a potion of curing for 36 gold pieces
   855 | D:3      | Found Zuh Hosa's Weapon Boutique.
   924 | D:3      | Reached skill level 1 in Armour
   974 | D:3      | Gained mutation: You are partially covered in slimy green
                  | scales. (AC +2) [demonic ancestry]
   974 | D:3      | Reached XP level 4. HP: 35/35 MP: 4/4
  1015 | D:3      | Found Janado's Book Emporium.
  1155 | D:2      | Reached * piety under Dithmenos
  1198 | D:2      | Found a faded altar of an unknown god.
  1681 | D:1      | Reached XP level 5. HP: 42/42 MP: 5/5
  2275 | D:2      | Reached ** piety under Dithmenos
  2940 | D:3      | Found a burning altar of Makhleb.
  2940 | D:3      | Found an ornate altar of the Wu Jian Council.
  2943 | D:3      | Reached XP level 6. HP: 46/48 MP: 6/6
  3556 | D:4      | Reached skill level 5 in Stealth
  3881 | D:5      | Noticed Menkaure
  3892 | D:5      | Killed Menkaure
  3893 | D:5      | Reached XP level 7. HP: 22/55 MP: 7/7
  4171 | D:5      | Reached *** piety under Dithmenos
  4225 | D:5      | Found a staircase to the Ecumenical Temple.
  4413 | D:5      | Noticed Edmund
  4526 | D:6      | Found an ancient bone altar of Kikubaaqudgha.
  5174 | D:6      | Reached skill level 5 in Axes
  5613 | D:4      | Noticed Dowan
  5672 | D:3      | Bought a +0 battleaxe of electrocution for 236 gold pieces
  5738 | D:5      | Killed Edmund
  5739 | D:5      | Reached skill level 5 in Fighting
  5739 | D:5      | Reached XP level 8. HP: 56/62 MP: 8/8
  5839 | D:7      | HP: 3/62 [steam dragon/ball of steam (19)]
  5841 | D:7      | Killed from afar by a steam dragon

Illustrated notes

Levels and vault maps discovered:
D:1:      dpeg_arrival_subterranean_lakeside_camping, layout_basic
D:2:      minmay_diamond_boxcup, layout_loops_ring,
          ebering_ecumenical_altar_ruins
D:3:      layout_basic, jmf_multi_god_temple, serial_shops, shop,
          nicolae_shop_competitors_out_of_business, shop,
          kennysheep_generic_room_5
D:4:      layout_cave_pods, nicolae_dithmenos_shadow_blocks, uniq_duvessa
D:5:      layout_basic, tso_altar, minmay_temple_entry_butterflies,
          chequers_serial_rivers_micro_c, uniq_edmund, uniq_menkaure
D:6:      layout_layer_cave, old_standard_altar
D:7:      layout_loops_ring, serial_shops, shop_fountains

Skill      XL: |  1  2  3  4  5  6  7 |
---------------+----------------------+-----
Axes           | 2 3 4 5 |  5.6
Dodging        | 2 3 4 |  4.2
Armour         | 1 2 3 |  3.4
Fighting       | 4 5 |  5.1
Stealth        | 5 |  5.9

Action                   |  1- 3 |  4- 6 |  7- 9 || total
-------------------------+-------+-------+-------++-------
Melee: Hand axe          |    46 |     7 |       ||    53
       Headbutt          |     3 |    24 |    22 ||    49
       War axe           |       |   119 |    66 ||   185
       Battleaxe         |       |       |    17 ||    17
Throw: Stone             |       |    24 |    21 ||    45
       Throwing net      |       |     1 |       ||     1
Invok: Shadow Step       |       |       |     1 ||     1
Evoke: Wand              |       |       |     6 ||     6
  Use: Potion            |     2 |     1 |     2 ||     5
       Scroll            |       |     7 |     3 ||    10
 Stab: Sleeping          |     3 |    10 |     3 ||    16
Armor: Leather armour    |    10 |     2 |       ||    12
       Scale mail        |       |    36 |    32 ||    68
Dodge: Dodged            |    42 |    59 |    54 ||   155

Table legend: (Time is in decaauts)
 A = Elapsed time spent in this place.
 B = Non-inter-level travel time spent in this place.
 C = Inter-level travel time spent in this place.
 D = Time resting spent in this place.
 E = Time spent auto-exploring this place.
 F = Levels seen in this place.
 G = Mean time per level.
                   A        B        C        D        E       F      G
               +--------+--------+--------+--------+--------+-----+--------+
         Total |   5908 |   5564 |    344 |    581 |   3780 |   7 |  844.0 |
       Dungeon |   5908 |   5564 |    344 |    581 |   3780 |   7 |  844.0 |
               +--------+--------+--------+--------+--------+-----+--------+

Top non-repeatable levels by time:
     D:5: 1229 daAuts
     D:3: 1199 daAuts
     D:6: 1182 daAuts
     D:1: 817 daAuts
     D:2: 752 daAuts
     D:4: 695 daAuts
     D:7: 31 daAuts
